 Dungeon Crawl Stone Soup version 0.23.2-40-g277498a001 (webtiles) character file.

Game seed: 13925748207104546089

672 Martska the Ducker (level 7, -4/53 HPs)
             Began as a Merfolk Ice Elementalist on Oct 12, 2019.
             Slain by a phantom (7 damage)
             ... on level 5 of the Dungeon.
             The game lasted 00:24:04 (9013 turns).

Martska the Ducker (Merfolk Ice Elementalist)       Turns: 9013, Time: 00:24:04

Health: -4/53      AC:  3    Str:  8    XL:     7   Next: 58%
Magic:  9/11       EV: 15    Int: 14    God:
Gold:   119        SH:  0    Dex: 17    Spells: 2/12 levels left

rFire    . . .     SeeInvis .   f - +0 spear
rCold    . . .     Gourm    .   (no shield)
rNeg     . . .     Faith    .   o - +0 leather armour
rPois    .         Spirit   .   (no helmet)
rElec    .         Reflect  .   (no cloak)
rCorr    .         Harm     .   (no gloves)
MR       +....                  (no boots)
Stlth    +++.......             F - amulet of magic regeneration
HPRegen  0.17/turn              r - ring of stealth
MPRegen  0.37/turn              G - ring of protection from magic

@: no status effects
A: change form in water, swift swim, stealthy swim
a: no special abilities


You were on level 5 of the Dungeon.
You were not hungry.

You visited 1 branch of the dungeon, and saw 6 of its levels.

You collected 119 gold pieces.

Inventory:

Hand Weapons
 b - a +0 dagger
 e - a +0 scythe
 f - a +0 spear (weapon)
 v - a +4 quarterstaff of chaos
 x - a +0 great sword
 y - a +0 mace
 z - a +0 battleaxe
Armour
 a - a +0 robe
 o - a +0 leather armour (worn)
 u - a +0 leather armour
 w - a +0 cloak
 D - a +0 hat
Jewellery
 m - an uncursed amulet of the gourmand
 r - a ring of stealth (left hand)
 F - an amulet of magic regeneration (around neck)
 G - a ring of protection from magic (right hand)
Wands
 c - a wand of digging (8)
 i - a wand of disintegration (8)
Scrolls
 d - a scroll of teleportation
 h - a scroll of fear {unknown}
 l - 2 scrolls of remove curse
 n - a scroll of immolation {unknown}
 p - a scroll of fog {unknown}
 A - a scroll of enchant armour {unknown}
 B - a scroll of random uselessness {unknown}
Potions
 g - 7 potions of curing
 j - 2 potions of haste {unknown}
 k - 2 potions of degeneration {unknown}
 q - 2 potions of flight {unknown}
 s - a potion of magic {unknown}
 C - a potion of ambrosia
 E - 2 potions of resistance {unknown}
Comestibles
 t - a ration


   Skills:
 * Level 3.6 Fighting
 * Level 4.9 Polearms
 * Level 5.5 Dodging
 - Level 3.2 Stealth
 + Level 3.0 Spellcasting
 - Level 0.7 Conjurations
 + Level 2.4 Charms
 + Level 4.3 Ice Magic


You had 2 spell levels left.
You knew the following spells:

 Your Spells              Type           Power        Failure   Level  Hunger
a - Freeze                Ice            ##..         5%          1    #......
b - Throw Frost           Conj/Ice       #.....       17%         2    ##.....
c - Ozocubu's Armour      Chrm/Ice       ##......     24%         3    ###....
d - Summon Ice Beast      Ice/Summ       #.......     77%         4    #####..

Your spell library contained the following spells:

 Spells                   Type           Power        Failure   Level  Hunger
 Throw Icicle             Conj/Ice       #.......     73%         4    #####..


Dungeon Overview and Level Annotations

Branches:
Dungeon (6/15)
 Temple: D:4-7

Altars:
Kikubaaqudgha
Nemelex Xobeh
Sif Muna
Xom

Shops:
D:4 }

Annotations:
D:5 Eustachio, Grinder


Message History

Casting: Freeze (safe; 5% risk of failure)
Confirm with . or Enter, or press ? or * to list all spells.
Aiming: Freeze (safe; 5% risk of failure)
Press: ? - help, Shift-Dir - straight line, f - bullfrog, p - phantom
Aim: a bullfrog (moderately wounded)
You freeze the bullfrog.
The bullfrog is heavily wounded.
The bullfrog seems to slow down.
The phantom hits you!
* * * LOW HITPOINT WARNING * * *
The phantom blinks!
The bullfrog hits you.
* * * LOW HITPOINT WARNING * * *
Casting: Freeze (safe; 5% risk of failure)
Confirm with . or Enter, or press ? or * to list all spells.
Aiming: Freeze (safe; 5% risk of failure)
Press: ? - help, Shift-Dir - straight line, f/p - bullfrog
Aim: a bullfrog (heavily wounded, slow)
You freeze the bullfrog.
The bullfrog is heavily wounded.
The phantom hits you!
You die...

.......#.#
.W.......#
######.#.# #####
....##.#.# #...
###.##.#.#####.##
#.##.#.#...)..#
#.##.#.#.###).#
###.##.#.#.#.#.W##
................@#
###.##.#.###.#.F.#
#.##.#.........#
#.##.#####.#####
#.#### ### #.. #..
#..# #..#


You could see a phantom and a bullfrog.

Vanquished Creatures
  Sigmund (D:4)
  Blork the orc (D:4)
  A crimson imp (D:6)
  2 hounds (D:4)
  Crazy Yiuf (D:3)
  A bullfrog skeleton (D:5)
  Natasha (thrice) (D:3)
  An iguana (D:5)
  A worker ant (D:4)
  A mummy (D:5)
  Robin (D:4)
  7 adders
  2 oozes
  A worm (D:2)
  2 dart slugs
  2 leopard geckos
  5 orcs
  3 giant cockroaches
  16 goblins
  7 hobgoblins
  A quokka (D:3)
  A ball python (D:1)
  6 bats
  3 frilled lizards
  A hobgoblin zombie (D:5)
  7 kobolds
  2 kobold zombies (D:5)
  A leopard gecko skeleton (D:5)
  An orc zombie (D:5)
  6 rats
88 creatures vanquished.

Notes
Turn   | Place    | Note
-------+----------+-------------------------------------------
     0 | D:1      | Martska the Merfolk Ice Elementalist began the quest for
                  | the Orb.
     0 | D:1      | Reached XP level 1. HP: 13/13 MP: 3/3
   249 | D:1      | You fall through a shaft!
   398 | D:2      | Reached skill level 3 in Dodging
   398 | D:2      | Reached XP level 2. HP: 13/20 MP: 1/5
   714 | D:2      | Reached skill level 1 in Polearms
   780 | D:2      | Reached skill level 1 in Fighting
   863 | D:2      | Reached XP level 3. HP: 7/26 MP: 0/6
  1411 | D:2      | Found an ancient bone altar of Kikubaaqudgha.
  1486 | D:2      | Learned a level 2 spell: Throw Frost
  1490 | D:2      | Learned a level 3 spell: Ozocubu's Armour
  1624 | D:2      | Reached XP level 4. HP: 32/32 MP: 7/7
  1932 | D:1      | Found a sparkling altar of Nemelex Xobeh.
  2704 | D:3      | Noticed Natasha
  2804 | D:3      | Killed Natasha
  2804 | D:3      | Reached XP level 5. HP: 26/38 MP: 0/8
  2914 | D:3      | Noticed Natasha
  2923 | D:3      | Killed Natasha
  2923 | D:3      | Reached skill level 4 in Dodging
  3382 | D:3      | Noticed Natasha
  3395 | D:3      | Killed Natasha
  4123 | D:3      | Found a runed translucent door.
  4124 | D:3      | Noticed Crazy Yiuf
  4221 | D:3      | Killed Crazy Yiuf
  4221 | D:3      | Reached skill level 1 in Charms
  4221 | D:3      | Reached XP level 6. HP: 29/46 MP: 1/9
  4603 | D:4      | Noticed Blork the orc
  4619 | D:4      | Killed Blork the orc
  5005 | D:4      | Found Purig's Gadget Shoppe.
  5179 | D:4      | Found a shimmering altar of Xom.
  5179 | D:4      | Found a deep blue altar of Sif Muna.
  5764 | D:4      | Noticed Robin
  5774 | D:5      | Entered Level 5 of the Dungeon
  5836 | D:5      | Noticed Grinder
  5845 | D:5      | Paralysed by Grinder for 5 turns
  5848 | D:5      | Noticed a phantom
  5854 | D:5      | Paralysed by Grinder for 3 turns
  6226 | D:5      | Noticed Eustachio
  6491 | D:4      | Killed Robin
  6716 | D:4      | Noticed Sigmund
  6739 | D:4      | Killed Sigmund
  6739 | D:4      | Reached skill level 5 in Dodging
  6739 | D:4      | Reached XP level 7. HP: 28/52 MP: 0/11
  7411 | D:5      | Learned a level 4 spell: Summon Ice Beast
  7513 | D:5      | Paralysed by Grinder for 5 turns
  9013 | D:5      | Slain by a phantom

Skill      XL: |  1  2  3  4  5  6  7 |
---------------+----------------------+-----
Dodging        | 3 4 5 |  5.5
Polearms       | 1 2 3 4 |  4.9
Fighting       | 1 2 3 |  3.6
Stealth        | 3 |  3.2
Charms         | 1 2 |  2.4
Ice Magic      | 4 |  4.3
Spellcasting   | 3 |  3.0
Conjurations   | |  0.7

Action                   |  1- 3 |  4- 6 |  7- 9 || total
-------------------------+-------+-------+-------++-------
Melee: Dagger            |    10 |       |       ||    10
       Unarmed           |     2 |       |       ||     2
       Spear             |    89 |   179 |    72 ||   340
 Cast: Freeze            |    21 |    76 |    31 ||   128
       Throw Frost       |       |     6 |     5 ||    11
       Ozocubu's Armour  |       |     4 |     1 ||     5
       Summon Ice Beast  |       |       |     1 ||     1
  Use: Potion            |     1 |       |       ||     1
       Scroll            |       |     3 |       ||     3
 Stab: Sleeping          |     3 |     8 |     1 ||    12
       Distracted        |       |       |     1 ||     1
  Eat: Ration            |     1 |     4 |     3 ||     8
       Chunk             |       |     3 |       ||     3
Armor: Robe              |    25 |       |       ||    25
       Leather armour    |     5 |    53 |     7 ||    65
Dodge: Dodged            |   128 |   184 |    52 ||   364
